Map: Dusk Towers

Players

Miszu

  • Race: Protoss Protoss
  • League: Master

StimPacker - Winner!

  • Race: Terran Terran
  • League: Master

VOD

Have the link to the VOD?

Description

Time

  • Played on: July 2, 2016, 4:15 p.m.
  • Length: 9:25
Show
View Real Time Build Order
Export as new Build Order

Miszu Protoss 

Build Orders: 1 Gate Expand, Blink Stalkers 

Get SALT Encoding   

  12  0:02  Probe (Chrono Boost)  
  13  0:13  Probe (Chrono Boost)  
  14  0:17  Pylon  
  14  0:24  Probe (Chrono Boost)  
  15  0:36  Probe (Chrono Boost)  
  15  0:37  Gateway  
  16  0:46  Probe (Chrono Boost)  
  16  0:47  Assimilator  
  18  0:57  Probe (Chrono Boost)  
  18  1:07  Probe (Chrono Boost)  
  19  1:18  Nexus  
  20  1:30  Cybernetics Core  
  20  1:32  Probe (Chrono Boost)  
  20  1:36  Assimilator  
  20  1:42  Probe (Chrono Boost)  
  21  1:48  Pylon  
  21  1:55  Probe (Chrono Boost)  
  22  2:05  Probe (Chrono Boost)  
  22  2:07  Stalker  
  22  2:08  Warp Gate  
  25  2:20  Mothership Core (Chrono Boost)  
  27  2:31  Probe (Chrono Boost)  
  27  2:38  Probe (Chrono Boost)  
  27  2:48  Probe (Chrono Boost)  
  27  2:51  Probe (Chrono Boost)  
  29  2:53  Stalker  
  31  3:01  Probe x2 (Chrono Boost)  
  31  3:02  Twilight Council  
  33  3:11  Probe (Chrono Boost)  
  33  3:12  Probe (Chrono Boost)  
  35  3:22  Probe x2 (Chrono Boost)  
  35  3:24  Robotics Facility  
  37  3:27  Pylon  
  37  3:29  Blink (Chrono Boost)  
  37  3:32  Probe (Chrono Boost)  
  37  3:33  Probe (Chrono Boost)  
  39  3:41  Probe  
  39  3:44  Probe  
  41  3:51  Probe  
  42  3:56  Probe  
  42  4:00  Gateway x2  
  42  4:02  Probe  
  43  4:07  Assimilator x2  
  43  4:08  Probe  
  45  4:11  Pylon  
  45  4:14  Observer (Chrono Boost), Probe  
  47  4:20  Probe  
  48  4:28  Probe  
  49  4:32  Nexus, Probe  
  49  4:33  Observer (Chrono Boost)  
  49  4:36  Pylon  
  51  4:40  Probe  
  52  4:52  Stalker  
  50  5:05  Probe x2  
  50  5:13  Resonating Glaives  
  50  5:14  Stalker x2  
  50  5:17  Probe x2  
  56  5:24  Observer (Chrono Boost)  
  57  5:29  Probe x2  
  57  5:34  Pylon  
  59  5:38  Sentry, Pylon  
  59  5:41  Probe x2  
  59  5:42  Observer (Chrono Boost)  
  55  5:57  Mothership Core, Probe  
  55  5:58  Probe  
  55  6:01  Immortal (Chrono Boost)  
  63  6:07  Probe  
  63  6:10  Probe  
  65  6:18  Probe  
  65  6:19  Probe  
  65  6:22  Probe  
  68  6:30  Adept x3  
  68  6:31  Probe  
  75  6:35  Immortal (Chrono Boost)  
  75  6:36  Probe  
  75  6:37  Probe  
  81  6:40  Charge  
  81  6:46  Gateway  
  81  6:47  Probe x2  
  81  6:49  Probe  
  84  7:00  Probe x2  
  85  7:02  Gateway, Probe  
  85  7:03  Gateway  
  85  7:06  Forge  
  87  7:10  Forge  
  87  7:12  Probe  
  87  7:13  Probe  
  87  7:14  Probe  
  90  7:22  Stalker  
  90  7:23  Stalker, Pylon  
  94  7:33  Templar Archives  
  94  7:36  Pylon x2  
  94  7:37  Pylon  
  94  7:42  Photon Cannon  
  94  7:43  Protoss Ground Weapons Level 1 (Chrono Boost), Protoss Ground Armor Level 1 (Chrono Boost)  
  94  7:45  Adept  
  94  7:46  Adept  
  98  7:51  Stalker x2  
  98  7:57  Immortal  
  106  8:07  Adept x2  
  106  8:08  Adept x2  
  114  8:13  Pylon  
  114  8:15  Adept x2  
  116  8:32  Probe  
  103  8:36  Adept x4  
  93  8:44  Adept  
  95  8:48  Gateway  
  95  8:50  Adept, Gateway  
  95  8:52  Gateway  
  95  9:00  Zealot x4  
  65  9:17  Adept x2  
  65  9:22  Adept x2  
  65  9:23  Adept x2  
Show
View Real Time Build Order
Export as new Build Order

StimPacker Terran - Winner!

Build Orders: Liberator Opening, Reaper Expand, MMM Bio 

Get SALT Encoding   

  12  0:01  SCV  
  13  0:13  SCV  
  14  0:17  Supply Depot  
  14  0:25  SCV  
  15  0:39  SCV  
  15  0:40  Barracks  
  16  0:46  Refinery  
  16  0:51  SCV  
  17  1:03  SCV  
  18  1:15  SCV  
  19  1:27  Orbital Command  
  19  1:30  Reaper  
  20  1:48  Command Center  
  20  1:54  SCV  
  20  1:59  Supply Depot  
  21  2:02  Marine  
  21  2:06  SCV  
  23  2:11  Factory  
  23  2:20  SCV  
  23  2:22  Refinery  
  24  2:24  Barracks Reactor  
  24  2:32  SCV  
  25  2:48  SCV  
  25  3:00  Starport  
  25  3:01  Widow Mine  
  25  3:02  Marine x2  
  29  3:06  SCV  
  29  3:09  Orbital Command  
  30  3:18  SCV  
  31  3:20  Marine x2  
  33  3:30  SCV  
  33  3:33  Factory Tech Lab  
  34  3:35  Supply Depot, SCV  
  34  3:37  Medivac  
  37  3:43  SCV  
  37  3:44  Marine x2  
  37  3:46  Supply Depot  
  37  3:47  SCV  
  41  3:51  Cyclone  
  41  3:53  Liberator  
  41  3:55  SCV  
  46  3:59  SCV  
  47  4:04  Marine x2  
  49  4:12  SCV  
  49  4:13  SCV  
  49  4:16  Engineering Bay  
  54  4:21  Supply Depot  
  54  4:24  SCV  
  54  4:27  SCV  
  54  4:29  Marine x2  
  58  4:34  Siege Tank  
  58  4:37  SCV  
  62  4:47  SCV  
  62  4:50  SCV  
  62  4:51  Supply Depot  
  62  5:05  Marine x2  
  63  5:11  Command Center  
  63  5:12  Siege Tank  
  63  5:13  SCV  
  67  5:16  Refinery  
  67  5:17  Refinery, SCV  
  67  5:20  Barracks  
  67  5:21  Barracks, Missile Turret  
  68  5:25  SCV  
  68  5:27  Marine x2  
  71  5:33  SCV  
  71  5:34  Terran Infantry Weapons Level 1  
  72  5:37  Starport Reactor, SCV  
  69  6:00  SCV  
  69  6:04  SCV  
  69  6:07  Marine x2  
  69  6:08  Barracks Tech Lab x2  
  72  6:17  Siege Tank, Barracks x2  
  76  6:18  SCV x2  
  77  6:28  Marine x2  
  77  6:29  Marauder x2, Stimpack, Combat Shields  
  77  6:30  SCV  
  84  6:36  Supply Depot x2, SCV  
  85  6:42  SCV  
  85  6:43  Orbital Command  
  86  6:47  Marine  
  86  6:51  Marine, Marauder x2  
  92  6:57  Medivac x2  
  96  7:01  SCV  
  96  7:03  SCV  
  96  7:06  Barracks Reactor, Supply Depot, Barracks Tech Lab  
  96  7:07  Marine  
  99  7:09  Marine, SCV  
  99  7:13  Marauder x2, SCV  
  107  7:15  SCV  
  107  7:18  Barracks  
  107  7:19  Factory Reactor  
  107  7:20  Barracks  
  107  7:24  Marine  
  107  7:25  Supply Depot x2  
  107  7:28  Marine, Terran Infantry Armor Level 1, Marauder  
  107  7:29  Supply Depot  
  111  7:34  Sensor Tower  
  111  7:36  Marine x2  
  113  7:40  SCV  
  113  7:41  SCV x2  
  116  7:45  Marine  
  116  7:46  Marine x3  
  116  7:47  Supply Depot  
  116  7:49  Supply Depot, Marauder  
  122  7:53  SCV  
  122  7:55  Command Center  
  122  7:56  Marine  
  122  7:57  Concussive Shells  
  124  8:05  SCV  
  124  8:06  Marine x3  
  124  8:08  Barracks Tech Lab x2  
  124  8:09  Marauder  
  124  8:11  Supply Depot, SCV x2  
  124  8:12  Marine x2  
  132  8:14  Marauder  
  136  8:30  Marauder  
  128  8:42  Marine x3  
  128  8:43  Marauder x3  
  128  8:44  Marine x2  
  139  8:50  Medivac x2  
  139  8:51  Marine  
  144  8:56  Armory  
  144  8:58  Engineering Bay  
  144  8:59  Marine  
  144  9:00  Marine x2  
  147  9:02  Marauder  
  147  9:04  Marine x2, Marauder  
Tags
 
Add a new tag
Caveats
  • Supply blocks, unpowered buildings, or Contaminate may cause inaccurate times.
  • Supply counts are checked every 10 seconds.